 Dungeon Crawl Stone Soup version 0.24.0-10-g970556be89 (webtiles) character file.

Game seed: 3063524681838790189, levelgen mode: deterministic

2 Monsterracer the Shield-Bearer (level 1, 19/20 HPs)
             Began as a Deep Dwarf Fighter on Nov 3, 2019.
             Quit the game on level 1 of the Dungeon.
             The game lasted 00:00:35 (27 turns).

Monsterracer the Shield-Bearer (Deep Dwarf Fighter)   Turns: 27, Time: 00:00:36

Health: 19/20      AC:  6    Str: 19    XL:     1   Next: 25%
Magic:  1/1        EV:  7    Int:  8    God:
Gold:   0          SH:  9    Dex: 12    Spells: 0/0 levels left

rFire    . . .     SeeInvis .   a - +0 war axe
rCold    . . .     Gourm    .   f - +0 shield
rNeg     . . .     Faith    .   b - +0 scale mail
rPois    .         Spirit   .   (no helmet)
rElec    .         Reflect  .   (no cloak)
rCorr    .         Harm     .   (no gloves)
MR       .....                  (no boots)
Stlth    ..........             (no amulet)
HPRegen  0.00/turn              (no ring)
MPRegen  0.07/turn              (no ring)

@: non-regenerating
A: damage resistance, heal wounds, sense surroundings 1, no regeneration
a: Heal Wounds


You were on level 1 of the Dungeon.
You were not hungry.

You visited 1 branch of the dungeon, and saw 1 of its levels.

Inventory:

Hand Weapons
 a - a +0 war axe (weapon)
Armour
 b - a +0 scale mail (worn)
 f - a +0 shield (worn)
Potions
 j - a potion of might
Comestibles
 c - a ration


   Skills:
 + Level 2.7 Fighting
 * Level 2.2 Axes
 + Level 3.3 Armour
 + Level 3.3 Shields


You couldn't memorise any spells.
You didn't know any spells.
Your spell library was empty.

Dungeon Overview and Level Annotations

Branches:
Dungeon (1/15)

Altars:


Innate Abilities, Weirdness & Mutations

You are resistant to damage.
You can heal yourself by infusing magical energy.
You passively map a small area around you.
You do not regenerate.


Message History

No reachable target in view!
No reachable target in view!
No reachable target in view!
No reachable target in view!
No reachable target in view!
No reachable target in view!
No reachable target in view!
No reachable target in view!
No reachable target in view!
No reachable target in view!
A kobold is nearby!
No reachable target in view!
No reachable target in view!
No reachable target in view!
No reachable target in view!
No reachable target in view!
A rat comes into view.
The kobold hits the bush.
A hobgoblin comes into view.
The hobgoblin shouts!
The hobgoblin hits the bush.
The kobold hits the bush but does no damage.
A frilled lizard comes into view.
The frilled lizard hisses angrily.
The frilled lizard bites the bush but does no damage.
The kobold hits the bush but does no damage.
A rat comes into view.
The kobold hits the bush but does no damage.
The frilled lizard bites the bush but does no damage.
The rat bites you but does no damage.
The frilled lizard bites the bush but does no damage.
The kobold hits the bush but does no damage.
The rat bites the bush but does no damage.
The rat bites you.
The frilled lizard bites the bush but does no damage.
The kobold hits the bush but does no damage.
The rat bites the bush but does no damage.
The frilled lizard bites the bush but does no damage.
The kobold hits the bush but does no damage.
The rat bites the bush but does no damage.
You block the hobgoblin's attack. The rat barely misses you.
The frilled lizard bites the bush but does no damage.
The kobold hits the bush but does no damage.
The rat bites the bush but does no damage.
You block the hobgoblin's attack. The rat bites you.
The frilled lizard bites the bush but does no damage.
The kobold hits the bush but does no damage.
You hit the hobgoblin but do no damage. You completely miss the rat.
The rat bites the bush but does no damage.
The hobgoblin hits you. You block the rat's attack.
The rat bites the bush but does no damage.
The hobgoblin hits you but does no damage.
You hit the hobgoblin.
The hobgoblin is heavily wounded.
You hit the rat.
You kill the rat!
The rat bites the bush but does no damage.
You block the hobgoblin's attack.
You closely miss the hobgoblin.
The hobgoblin is heavily wounded.
The rat bites the bush but does no damage.
The hobgoblin hits you.
The rat bites the bush but does no damage.
You block the hobgoblin's attack.
You hit the hobgoblin.
You kill the hobgoblin!
The rat bites the bush but does no damage.
You miss the frilled lizard. The frilled lizard bites you.
The rat bites the bush but does no damage.
The frilled lizard barely misses you.
The rat bites the bush but does no damage.
You closely miss the kobold. You hit the frilled lizard.
The kobold completely misses you.
The frilled lizard bites you but does no damage.
The rat bites the bush but does no damage.
You barely miss the frilled lizard.
The frilled lizard is heavily wounded.
You miss the kobold. The kobold hits you but does no damage.
The frilled lizard bites you but does no damage.
The rat bites the bush but does no damage.
You block the kobold's attack. You block the frilled lizard's attack.
The rat bites the bush but does no damage.
You closely miss the frilled lizard.
The frilled lizard is heavily wounded.
You closely miss the kobold. The kobold hits you but does no damage.
The frilled lizard bites you but does no damage.
The rat bites the bush.
You closely miss the kobold. You closely miss the frilled lizard.
You block the kobold's attack. You block the frilled lizard's attack.
The rat completely misses the bush.
The kobold closely misses you.
Your scale mail prevents you from hitting the kobold.
You closely miss the frilled lizard.
The frilled lizard bites you but does no damage.
The rat bites the bush but does no damage.
The kobold hits you but does no damage.
The frilled lizard bites you but does no damage.
The rat bites the bush but does no damage.
You block the frilled lizard's attack.
Something bites the bush but does no damage.
Are you sure you want to abandon this character and quit the game? (Confirm with "yes".)

#.#..<.......
#########.##.........
#..>......##.........*
#.........##.........
#.........###......).
#.........# #........
#.......?## #.......#
#....†...#* #.....#.#
#...l@...# , ,


PPPPPK....# , , ,..rP.P......... , PPP P.P.....#### * ,, , P....#...# * , * * ,
P.P..###... , ,..P..# ###. * PP.P#.# * , You could see a kobold and a frilled
lizard.

Vanquished Creatures
  A hobgoblin (D:1)
  A rat (D:1)
2 creatures vanquished.

Notes
Turn   | Place    | Note
-------+----------+-------------------------------------------
     0 | D:1      | Monsterracer the Deep Dwarf Fighter began the quest for the
                  | Orb.
     0 | D:1      | Reached XP level 1. HP: 20/20 MP: 1/1
    27 | D:1      | Quit the game

Levels and vault maps discovered:
D:1:      wander_arrival_peaceful_grave, layout_rooms, minmay_hedge_maze,
          minivault_14, minmay_tromino_v4_a

Action                   || total
-------------------------++-------
Melee: War axe           ||    10
Armor: Scale mail        ||    10
Dodge: Dodged            ||     4
Block: Shield            ||    10
